 Dungeon Crawl Stone Soup version 0.23-a0-458-g93a6ea9 (webtiles) character file.

74 reskin the Slasher (level 4, -5/35 HPs)
             Began as a Demonspawn Monk on Nov 26, 2018.
             Slain by Terence
             ... wielding a +2 trident of venom
              (9 damage)
             ... on level 3 of the Dungeon.
             The game lasted 00:06:26 (2072 turns).

reskin the Slasher (Demonspawn Monk)                Turns: 2072, Time: 00:06:27

Health: -5/35      AC:  4    Str: 12    XL:     4   Next: 10%
Magic:  4/4        EV: 14    Int: 11    God:
Gold:   155        SH:  0    Dex: 16    Spells: 3/3 levels left

rFire    . . .     SeeInvis .   a - +0 falchion
rCold    . . .     Gourm    .   (no shield)
rNeg     . . .     Faith    .   b - +0 robe
rPois    .         Spirit   .   t - +0 helmet
rElec    .         Reflect  .   p - scarf {repulsion}
rCorr    .         Harm     .   (no gloves)
MR       +....                  c - +0 pair of boots
Stlth    ++........             (no amulet)
HPRegen  0.11/turn              l - ring of protection from magic
MPRegen  0.09/turn              (no ring)

@: lethally poisoned (-5 -> -39), repel missiles
A: claws 2
a: no special abilities


You were on level 3 of the Dungeon.
You were not hungry.

You visited 1 branch of the dungeon, and saw 3 of its levels.

You collected 155 gold pieces.

Inventory:

Hand Weapons
 a - a +0 falchion (weapon)
Armour
 b - a +0 robe (worn)
 c - a +0 pair of boots (worn)
   (You found it on level 1 of the Dungeon)
 p - a scarf of repulsion (worn)
   (You found it on level 2 of the Dungeon)
 t - a +0 helmet (worn)
   (You found it on level 2 of the Dungeon)
Jewellery
 l - a ring of protection from magic (left claw)
   (You found it on level 1 of the Dungeon)
 s - an uncursed amulet of regeneration {unknown}
   (You found it on level 2 of the Dungeon)
Scrolls
 f - 2 scrolls of identify {unknown}
 i - a scroll of remove curse {unknown}
 k - 2 scrolls of blinking {unknown}
 n - a scroll of immolation {unknown}
 o - a scroll of teleportation {unknown}
 u - a scroll of amnesia {unknown}
Potions
 d - 2 potions of curing {unknown}
 g - 2 potions of lignification {unknown}
 h - 2 potions of heal wounds {unknown}
 j - a potion of flight {unknown}
 m - a potion of might {unknown}
 q - 2 potions of degeneration {unknown}
 r - a potion of cancellation {unknown}
Comestibles
 e - 2 rations {!d}
 v - 2 chunks of flesh


   Skills:
 + Level 3.5 Fighting
 * Level 3.7 Long Blades
 + Level 3.2 Dodging
 - Level 1.7 Stealth


You had 3 spell levels left.
You didn't know any spells.
Your spell library was empty.

Dungeon Overview and Level Annotations

Branches:
Dungeon (3/15)

Altars:

Annotations:
D:3 Terence


Innate Abilities, Weirdness & Mutations

You have very sharp fingernails.


Message History

You are poisoned.
Found a bubbling black potion.
There is an escape hatch in the floor here.
You feel sick.
Terence hits you with a +2 trident of venom!
You are more poisoned.
The kobold closely misses you.
You barely miss Terence.
You feel sick. The bat barely misses you.
You riposte.
You miss the bat. Terence completely misses you.
You riposte.
You hit Terence but do no damage. The bat hits you.
The kobold hits you with a +0 short sword.
You hit Terence but do no damage.
You feel sick. The bat closely misses you.
You riposte.
You hit the bat. Terence barely misses you.
The kobold hits you but does no damage.
You hit Terence.
You feel sick. The bat barely misses you.
You riposte.
You hit the bat.
You kill the bat!
Terence closely misses you. The kobold misses you.
You riposte.
You hit the kobold.
You kill the kobold!
You hit Terence but do no damage.
* * * LOW HITPOINT WARNING * * *
You feel sick. Terence hits you but does no damage.
You are lethally poisoned!
You hit Terence but do no damage.
* * * LOW HITPOINT WARNING * * *
You feel sick. Terence hits you but does no damage.
You hit Terence.
* * * LOW HITPOINT WARNING * * *
You feel sick. Terence hits you but does no damage.
You hit Terence but do no damage.
* * * LOW HITPOINT WARNING * * *
You feel sick. Terence closely misses you.
You barely miss Terence.
* * * LOW HITPOINT WARNING * * *
You feel sick. Terence barely misses you.
You riposte.
You hit Terence but do no damage. You hit Terence.
* * * LOW HITPOINT WARNING * * *
You feel sick. Terence hits you but does no damage.
You are more poisoned.
You hit Terence.
* * * LOW HITPOINT WARNING * * *
You feel sick. Terence hits you but does no damage.
You are more poisoned.
You barely miss Terence.
* * * LOW HITPOINT WARNING * * *
You feel very sick.
Terence hits you with a +2 trident of venom!
You die...

################
#...............
#...............
#..............
#.....^..(.....
....$.@.†..#
.......@...#
.......)>..###
../..........##
.!#######.....# #
#####.....#
#.........########
#................#
#........#.......#
#.......##.......###


You could see Terence.

Vanquished Creatures
  3 adders
  A worm (D:3)
  2 dart slugs (D:1)
  An orc (D:2)
  4 giant cockroaches
  2 goblins (D:1)
  8 hobgoblins
  A quokka (D:2)
  7 bats
  3 frilled lizards
  2 kobolds (D:3)
  3 rats (D:1)
37 creatures vanquished.

Notes
Turn   | Place    | Note
-------+----------+-------------------------------------------
     0 | D:1      | reskin the Demonspawn Monk began the quest for the Orb.
     0 | D:1      | Reached XP level 1. HP: 18/18 MP: 1/1
   463 | D:1      | Gained mutation: You have sharp fingernails. [demonic
                  | ancestry]
   463 | D:1      | Reached XP level 2. HP: 24/24 MP: 2/2
  1043 | D:2      | Reached XP level 3. HP: 29/29 MP: 3/3
  1937 | D:3      | Gained mutation: You have very sharp fingernails. [demonic
                  | ancestry]
  1937 | D:3      | Reached XP level 4. HP: 28/35 MP: 4/4
  2057 | D:3      | Noticed Terence
  2072 | D:3      | Slain by Terence

Vault maps used:
D:1:      lemuel_arrival_rhombus
D:3:      first_ration, uniq_terence

Skill      XL: |  1  2 |
---------------+-------+-----
Long Blades    | 3 |  3.7
Dodging        | 3 |  3.2
Fighting       | |  3.5
Stealth        | |  1.7

Action                   |  1- 3 |  4- 6 || total
-------------------------+-------+-------++-------
Melee: Falchion          |   131 |    17 ||   148
 Stab: Sleeping          |     3 |       ||     3
  Eat: Chunk             |     3 |     1 ||     4
Armor: Robe              |    31 |     3 ||    34
Dodge: Dodged            |   106 |    14 ||   120
       Rpst.: Falchion   |    42 |     6 ||    48

Table legend:
 A = Non-vault XP
 B = Vault XP
 C = Vault XP percentage of total XP
 D = Non-vault monster count
 E = Vault monster count
 F = Vault count percentage of total count
                 A         B        C        D         E       F
            +---------+---------+-------+---------+---------+-------
      Total |     107 |       0 |   0.0 |      37 |       0 |   0.0
            +---------+---------+-------+---------+---------+-------
        D:1 |      37 |       0 |   0.0 |      19 |       0 |   0.0
        D:2 |      41 |       0 |   0.0 |      10 |       0 |   0.0
        D:3 |      29 |       0 |   0.0 |       8 |       0 |   0.0
            +---------+---------+-------+---------+---------+-------
